 Dungeon Crawl Stone Soup version 0.31-a0-662-g684573625c (webtiles) character file.

Game seed: 5548082800523719512

6459 pokeman the Thaumaturge (level 10, -9/56 HPs)
             Began as a Deep Elf Hedge Wizard on Sept 1, 2023.
             Was a Believer of Vehumet.
             Mangled by an orc warrior
             ... wielding a +0 battleaxe
              (13 damage)
             ... on level 9 of the Dungeon.
             The game lasted 00:32:28 (10105 turns).

pokeman the Thaumaturge (Deep Elf Hedge Wizard)    Turns: 10105, Time: 00:32:29

Health: -9/56      AC: 10    Str:  9    XL:     10   Next: 67%
Magic:  49/53      EV: 13    Int: 24    God:    Vehumet [**....]
Gold:   583        SH:  0    Dex: 14    Spells: 30/38 levels left

rFire   . . .        O - +5 scimitar "Ziothy" {venom, rElec rPois Str+2}
rCold   . . .        (no shield)
rNeg    . . .        T - +0 steam dragon scales
rPois   +            H - +0 helmet
rElec   +            u - +0 cloak
rCorr   .            a - +0 pair of gloves
SInv    .            C - +0 pair of boots
Will    +....        v
                       - Hermit's Pendant {Faith Invo=14 Evo=0 MP+5}
Stlth   ++           q - ring of magical power
HPRegen 0.29/turn    x - ring of magical power
MPRegen 0.33/turn

%: faith
@: no status effects
A: no striking features
a: Renounce Religion


You were on level 9 of the Dungeon.
You worshipped Vehumet.
Vehumet was pleased with you.
You visited 2 branches of the dungeon, and saw 10 of its levels.
You also visited: Sewer.

You collected 703 gold pieces.
You spent 120 gold pieces at shops.

Inventory:

Hand Weapons
 t - a +4 quarterstaff of chaos
 E - a +0 whip of electrocution
 O - the +5 scimitar "Ziothy" (weapon) {venom, rElec rPois Str+2}
   (You took it off a centaur on level 8 of the Dungeon)

   Str+2:     It affects your strength (+2).
   rElec:     It insulates you from electricity.
   rPois:     It protects you from poison
Armour
 a - a +0 pair of gloves (worn)
 u - a +0 cloak (worn)
 C - a +0 pair of boots (worn)
 F - an orb of light
 H - a +0 helmet (worn)
 K - a +0 buckler
 P - a scarf of invisibility
 T - +0 steam dragon scales (worn)
Magical Staves
 S - a staff of fire
Jewellery
 q - a ring of magical power (left hand)
 v - the Hermit's Pendant (around neck) {Faith Invo=14 Evo=0 MP+5}
   (You found it on level 3 of the Dungeon)

   [amulet of faith]

   Invo=14: It sets your Invocations skill to 14.
   Evo=0: It sets your Evocations skill to 0.
   Faith:     It allows you to gain divine favour quickly.
   MP+5:      It affects your magic capacity (+5).
 x - a ring of magical power (right hand)
 G - a +4 ring of protection
 L - a +4 ring of protection
Wands
 I - a wand of flame (14)
 N - a wand of polymorph (6)
 Q - a wand of roots (2)
Scrolls
 c - 2 scrolls of poison {unknown}
 e - 2 scrolls of fog {unknown}
 f - 2 scrolls of noise {unknown}
 i - 9 scrolls of teleportation {unknown}
 m - 2 scrolls of immolation {unknown}
 n - 2 scrolls of fear {unknown}
 p - a scroll of blinking {unknown}
 r - 3 scrolls of enchant weapon {unknown}
 y - 2 scrolls of revelation {unknown}
 A - 2 scrolls of enchant armour {unknown}
 B - 8 scrolls of identify {unknown}
 R - a scroll of vulnerability {unknown}
Potions
 b - 2 potions of enlightenment {unknown}
 d - a potion of magic
 g - 2 potions of mutation {unknown}
 h - 6 potions of heal wounds
 j - a potion of berserk rage {unknown}
 k - 6 potions of might {unknown}
 l - a potion of invisibility {unknown}
 o - a potion of haste {unknown}
 w - 7 potions of curing
 z - 3 potions of ambrosia {unknown}
 D - 2 potions of brilliance {unknown}
 J - 2 potions of degeneration
 M - a potion of resistance {unknown}


   Skills:
 - Level 4.0 Fighting
 - Level 4.0 Armour
 - Level 3.0 Dodging
 - Level 3.1 Stealth
 + Level 2.2 Shields
 * Level 14.8 Spellcasting
 + Level 8.6 Conjurations
 - Level 1.1 Summonings
 - Level 1.1 Translocations
 + Level 2.9 Fire Magic
 - Level 1.1 Air Magic
 - Level 2.1 Poison Magic
 - Level 1.0(0.0) Evocations


You had 30 spell levels left.
You knew the following spells:

 Your Spells              Type           Power      Damage    Failure   Level
a - Magic Dart            Conj           100%       1d8       1%          1
b - Mephitic Cloud        Conj/Pois/Air  36%        N/A       1%          3
c - Call Imp              Summ           46%        N/A       3%          2
d - Blink                 Tloc           46%        N/A       3%          2

Your spell library contained the following spells:

 Spells                   Type           Power      Damage    Failure   Level
 Searing Ray              Conj           100%       2d8       1%          2
 Sting                    Tmut/Pois      88%        1d7       1%          1
 Dazzling Flash           Conj/Hex       76%        N/A       1%          3
 Poisonous Vapours        Pois/Air       50%        N/A       2%          2
 Slow                     Hex            68%        N/A       3%          1
 Cigotuvi's Dreadful Rot  Necr/Pois/Air  46%        N/A       3%          2
 Ensorcelled Hibernation  Hex/Ice        34%        N/A       4%          2
 Passwall                 Tmut/Erth      14%        N/A       4%          2
 Call Canine Familiar     Summ           23%        N/A       6%          3
 Swiftness                Air            23%        N/A       6%          3
 Portal Projectile        Hex/Tloc       40%        N/A       8%          3
 Confusing Touch          Hex            17%        N/A       10%         3
 Vampiric Draining        Necr           17%        2d7       10%         3
 Olgreb's Toxic Radiance  Pois           28%        N/A       13%         4
 Leda's Liquefaction      Hex/Erth       8%         N/A       32%         4
 Silence                  Hex/Air        10%        N/A       56%         5
 Agony                    Necr           17%        N/A       65%         5
 Simulacrum               Ice/Necr       8%         N/A       99%         6
 Ozocubu's Refrigeration  Ice            8%         4d9       100%        7
 Polar Vortex             Ice            8%         12d1*     100%        9


Dungeon Overview and Level Annotations

Branches:
Dungeon (9/15)             Temple (1/1) D:6            Lair (0/5) D:9
    Orc (0/2) D:9           Sewer (visited)

Altars:
Ashenzari
Cheibriados
Dithmenos
Elyvilon
Fedhas
Gozag
Hepliaklqana
Kikubaaqudgha
Makhleb
Nemelex Xobeh
Okawaru
Qazlal
Ru
Sif Muna
Trog
Uskayaw
Vehumet
Wu Jian
Xom
Yredelemnul
Zin
The Shining One

Shops:
D:4 *   D:9 !


Message History

You feel your power returning.
You feel a bit more experienced.
The orc warrior is engulfed in noxious fumes.
The orc warrior appears confused.
The orc warrior is engulfed in noxious fumes.
The orc is engulfed in noxious fumes.
The orc appears confused.
The orc hits the orc with a +1 short sword of draining!
The orc drains the orc.
The orc is killed!
Vehumet accepts your kill.
The orc is engulfed in noxious fumes.
The orc appears confused.
The orc hits the orc warrior but does no damage.
The gnoll is engulfed in noxious fumes.
The gnoll appears confused.
The gnoll hits the orc with a +0 spear.
The orc is killed!
Vehumet accepts your kill.
Unknown command.
You catch the helpless orc warrior completely off-guard!
You slash the orc warrior!
The orc warrior is poisoned.
The orc warrior is moderately wounded.
The orc warrior is engulfed in noxious fumes.
The orc warrior appears confused.
The orc warrior hits you with a +0 battleaxe.
The orc warrior is engulfed in noxious fumes.
The orc warrior appears confused.
The orc warrior hits the gnoll with a +0 war axe!
Unknown command.
Unknown command.
You slash the orc warrior!
The orc warrior is severely wounded.
The orc warrior hits you with a +0 battleaxe!!
* * * LOW HITPOINT WARNING * * *
The orc warrior is engulfed in noxious fumes.
The orc warrior appears confused.
The orc warrior hits the orc with a +0 war axe!
The orc is killed!
Vehumet accepts your kill.
You feel your power returning.
The orc warrior hits itself with a +0 war axe!
The orc warrior hits you with a +0 battleaxe!
You die... #... #... ##.. #... ###. ##### ### oo.... #.. ###°oo... ###.. #@ooooo..

..... #.#goo...
..... #.# ○o...
.....
#.##########......
#...)..##..#......
######..##.##.....
##.....#.....
#.)...#.....
##...)......


You could see 2 orc warriors, a gnoll (confused) and 9 orcs.

Vanquished Creatures
  Pikel (D:5)
  Maggie (D:9)
  A troll (D:6)
  Grinder (D:3)
  Sigmund (D:6)
  A vampire (D:9)
  A wyvern (D:8)
  A steam dragon (D:7)
  5 yaks (D:8)
  Menkaure (D:5)
  6 orc warriors (D:9)
  Pargi (Sewer)
  3 sky beasts
  A black bear (D:7)
  An ice beast (D:6)
  2 ogres (D:5)
  4 centaurs
  A tengu (D:9)
  The ghost of hattop the Changeling, an amateur OpSh (D:4)
  7 bullfrogs
  A kobold brigand (D:7)
  A gnoll sergeant (D:9)
  2 scorpions
  3 wights (D:9)
  4 howler monkeys
  Crazy Yiuf (D:3)
  5 hounds
  4 orc priests
  2 sleepcaps (D:6)
  7 iguanas
  7 orc wizards
  7 gnolls
  7 adders
  2 river rats
  A white imp (D:8)
  3 ufetubi
  A worm (D:3)
  10 dart slugs
  45 orcs
  7 endoplasms
  8 giant cockroaches
  4 goblins
  8 hobgoblins
  6 jackals
  3 quokkas
  9 ball pythons
  9 bats
  8 frilled lizards
  11 kobolds
  5 rats
232 creatures vanquished.

Vanquished Creatures (collateral kills)
  A water moccasin (D:6)
  A white imp (D:6)
2 creatures vanquished.

Grand Total: 234 creatures vanquished

Notes
Turn   | Place    | Note
-------+----------+-------------------------------------------
     0 | D:1      | pokeman the Deep Elf Hedge Wizard began the quest for the
                  | Orb.
     0 | D:1      | Reached XP level 1. HP: 10/10 MP: 7/7
   395 | D:1      | Reached XP level 2. HP: 16/16 MP: 4/9
  1297 | D:2      | Reached skill level 5 in Spellcasting
  1396 | D:2      | Reached XP level 3. HP: 20/20 MP: 5/11
  1400 | D:2      | Learned a level 3 spell: Mephitic Cloud
  1403 | D:2      | Learned a level 2 spell: Call Imp
  1406 | D:2      | Learned a level 2 spell: Blink
  1645 | D:2      | Found an ornate altar of the Wu Jian Council.
  1936 | D:2      | Reached skill level 1 in Fighting
  2059 | D:2      | Reached skill level 1 in Armour
  2434 | D:3      | Reached XP level 4. HP: 6/25 MP: 13/13
  2487 | D:3      | Found a broken altar of Ashenzari.
  2488 | D:3      | Found an ancient bone altar of Kikubaaqudgha.
  2491 | D:3      | Found a white marble altar of Elyvilon.
  2696 | D:3      | Found a glowing drain.
  2708 | D:3      | Reached skill level 6 in Spellcasting
  2716 | Sewer    | Entered a sewer
  2797 | Sewer    | Reached XP level 5. HP: 24/29 MP: 15/15
  2993 | Sewer    | Noticed Pargi
  3060 | Sewer    | Killed Pargi
  3061 | Sewer    | Reached skill level 1 in Air Magic
  3358 | D:3      | Reached XP level 6. HP: 31/34 MP: 13/17
  3433 | D:3      | Found a blossoming altar of Fedhas.
  3495 | D:3      | Noticed Grinder
  3632 | D:3      | Found a burning altar of Makhleb.
  3659 | D:3      | Paralysed by Grinder for 5 turns
  3669 | D:3      | Killed Grinder
  3670 | D:3      | Reached skill level 7 in Spellcasting
  3670 | D:3      | Reached skill level 1 in Poison Magic
  3758 | D:3      | Found a runed translucent door.
  3759 | D:3      | Noticed Crazy Yiuf
  3770 | D:3      | Killed Crazy Yiuf
  3852 | D:3      | Found a faded altar of an unknown god.
  3852 | D:3      | Found the Hermit's Pendant {Faith Invo=14 Evo=0 MP+5}
  3986 | D:4      | Reached XP level 7. HP: 29/39 MP: 20/20
  4065 | D:4      | Found Plog's Neck Hole.
  4275 | D:4      | Found a runed translucent door.
  4337 | D:4      | Reached skill level 8 in Spellcasting
  4593 | D:4      | Found a runed translucent door.
  4595 | D:4      | Noticed hattop's ghost (amateur OpSh)
  4661 | D:4      | Found a hazy altar of Hepliaklqana.
  4965 | D:4      | Killed hattop's ghost
  5015 | D:5      | Entered Level 5 of the Dungeon
  5244 | D:5      | Reached skill level 9 in Spellcasting
  5330 | D:5      | Reached XP level 8. HP: 45/45 MP: 23/23
  5527 | D:5      | Noticed Pikel
  5540 | D:5      | Killed Pikel
  5541 | D:5      | Reached skill level 10 in Spellcasting
  5541 | D:5      | Reached skill level 5 in Conjurations
  5556 | D:5      | You fall into a shaft and drop 2 floors!
  5649 | D:5      | Found a sparkling altar of Nemelex Xobeh.
  5773 | D:5      | Noticed Menkaure
  5781 | D:5      | Killed Menkaure
  5990 | D:6      | Reached skill level 11 in Spellcasting
  6043 | D:6      | Noticed Sigmund
  6076 | D:6      | Killed Sigmund
  6077 | D:6      | Reached XP level 9. HP: 51/51 MP: 26/26
  6173 | D:6      | Noticed a troll
  6263 | D:6      | Killed a troll
  6264 | D:6      | Reached skill level 12 in Spellcasting
  6579 | D:6      | Found a staircase to the Ecumenical Temple.
  6588 | Temple   | Entered the Ecumenical Temple
  6588 | Temple   | Noticed a red devil
  6588 | Temple   | Noticed a cacodemon
  6588 | Temple   | Noticed a Tzitzimitl
  6589 | Temple   | Noticed Oshi the pandemonium lord
  6589 | Temple   | Noticed Quocy the pandemonium lord
  6590 | Temple   | Noticed a hellion
  6591 | Temple   | Noticed Ytuj Ras the pandemonium lord
  6591 | Temple   | Noticed a soul eater
  7143 | D:7      | Reached skill level 1 in Evocations
  7748 | D:7      | Reached skill level 13 in Spellcasting
  8364 | D:8      | Reached XP level 10. HP: 51/56 MP: 29/29
  8418 | D:8      | Found a hide-covered altar of Uskayaw.
  8588 | D:8      | Identified the +5 scimitar "Ziothy" {venom, rElec rPois
                  | Str+2}
  8904 | D:8      | Found an iron altar of Okawaru.
  9077 | D:8      | Found a radiant altar of Vehumet.
  9082 | D:8      | Became a worshipper of Vehumet
  9184 | D:9      | Found Axiesm's Distillery.
  9192 | D:9      | Bought a potion of heal wounds for 50 gold pieces
  9192 | D:9      | Bought a potion of degeneration for 10 gold pieces
  9192 | D:9      | Bought 2 potions of curing for 60 gold pieces
  9223 | D:9      | Reached skill level 14 in Spellcasting
  9282 | D:9      | Noticed Maggie
  9286 | D:9      | Reached skill level 1 in Shields
  9286 | D:9      | Reached skill level 1 in Fire Magic
  9306 | D:8      | Reached * piety under Vehumet
  9306 | D:8      | Offered knowledge of Kiss of Death by Vehumet.
  9724 | D:9      | Found a staircase to the Orcish Mines.
  9870 | D:9      | Killed Maggie
  9950 | D:9      | Found a staircase to the Lair.
 10098 | D:9      | Offered knowledge of Searing Ray by Vehumet.
 10098 | D:9      | Reached ** piety under Vehumet
 10105 | D:9      | Mangled by an orc warrior

Illustrated notes

Levels and vault maps discovered:
D:1:      tarquinn_simple_flora_water_d, layout_loops_ring,
          hangedman_decor_riveting
D:2:      layout_basic, basic_altar
D:3:      layout_basic, fedhas_altar_1, nicolae_overflow_macrodata_refinement,
          gup_sewer_entry_bubbles, hellmonk_guarded_unrand_hermit,
          uniq_crazy_yiuf_cottage, uniq_grinder
D:4:      layout_loops_ring, marbit_many_paths, ebering_ghost_sewer_f,
          nicolae_shop_sticking_my_neck_out
D:5:      kennysheep_slugbush, layout_loops_ring, nemelex_dance_club_becter,
          grunt_ministairs_10, uniq_pikel, uniq_menkaure
D:6:      layout_cave_pools, minmay_temple_entry_gardened_gates, uniq_sigmund
D:7:      layout_loops_ring, serial_co_window_serial, co_window_paths_b,
          co_window_paths_a, co_window_paths_a, co_window_corner_a,
          co_window_of_opportunity_a, co_window_2corner, co_window_corner_b,
          co_window_broadway_a, co_window_2corner, co_window_broadway_a,
          co_window_paths_d, glass_columns_a, glass_columns_a,
          dreamdust_princess_bridge, supply_closet_lemuel, grunt_ministairs_10
D:8:      layout_loops_corners, lemuel_tele_altar,
          eat_drink_and_be_merry_uskayaw, kennysheep_little_box
D:9:      layout_cave_pools, dpeg_oklobed_lair, david_orc_4, serial_shops,
          nicolae_shop_just_a_little_nook, special_room [special_room_orc],
          uniq_maggie
Temple:   nicolae_temple_panitentiary

Skill      XL: |  1  2  3  4  5  6  7  8  9 10 |
---------------+-------------------------------+-----
Spellcasting   | 5 6 7 9 11 13 14 | 14.8
Fighting       | 1 2 3 4 |  4.0
Armour         | 1 2 4 |  4.0
Conjurations   | 2 3 4 6 7 8 |  8.6
Dodging        | 3 |  3.0
Stealth        | 3 |  3.1
Air Magic      | 1 |  1.1
Poison Magic   | 1 2 |  2.1
Evocations     | 1 |  1.0
Shields        | 2 |  2.2
Fire Magic     | 2 |  2.9
Summonings     | |  1.1
Translocations | |  1.1

Action                     |  1- 3 |  4- 6 |  7- 9 | 10-12 || total
---------------------------+-------+-------+-------+-------++-------
  Melee: Dagger            |    11 |       |       |       ||    11
         Quarterstaff      |       |       |    34 |       ||    34
         Whip              |       |       |    67 |    30 ||    97
         Punch             |       |       |     3 |     5 ||     8
         Scimitar          |       |       |       |    74 ||    74
   Cast: Magic Dart        |   109 |   146 |   290 |    77 ||   622
         Mephitic Cloud    |     2 |     3 |    30 |    30 ||    65
         Blink             |       |     3 |     1 |     3 ||     7
         Call Imp          |       |     3 |     6 |     2 ||    11
  Evoke: Wand              |       |       |       |     5 ||     5
    Use: Potion            |       |       |       |     1 ||     1
   Stab: Confused          |     1 |       |    12 |    16 ||    29
         Distracted        |       |       |     1 |       ||     1
 Armour: Robe              |    17 |    10 |       |       ||    27
         Troll leather arm |       |    19 |    82 |    75 ||   176
         Steam dragon scal |       |       |       |    13 ||    13
  Dodge: Dodged            |    17 |    31 |    91 |    90 ||   229

Table legend: (Time is in decaauts)
 A = Elapsed time spent in this place.
 B = Non-inter-level travel time spent in this place.
 C = Inter-level travel time spent in this place.
 D = Time resting spent in this place.
 E = Time spent auto-exploring this place.
 F = Levels seen in this place.
 G = Mean time per level.
                   A        B        C        D        E       F      G
               +--------+--------+--------+--------+--------+-----+--------+
         Total |  10197 |   9774 |    423 |    319 |   7325 |  11 |  927.0 |
       Dungeon |   9692 |   9269 |    423 |    319 |   6965 |   9 | 1076.9 |
        Temple |     11 |     11 |      0 |      0 |      0 |   1 |   11.0 |
         Sewer |    492 |    492 |      0 |      0 |    360 |   1 |  492.0 |
               +--------+--------+--------+--------+--------+-----+--------+

Top non-repeatable levels by time:
     D:8: 1372 daAuts
     D:2: 1363 daAuts
     D:7: 1218 daAuts
     D:3: 1105 daAuts
     D:4: 1062 daAuts
     D:1: 1029 daAuts
     D:5: 954 daAuts
     D:6: 815 daAuts
     D:9: 770 daAuts
   Sewer: 492 daAuts
  Temple: 11 daAuts
